 Dungeon Crawl Stone Soup version 0.30-a0-782-ge64f9170bb (webtiles) character file.

Game seed: 17377279813116288614

247 HoaS the Shooter (level 6, -2/35 HPs)
             Began as a Gargoyle Hunter on Mar 10, 2023.
             Slain by an orc warrior
             ... wielding a +0 dire flail
              (9 damage)
             ... on level 5 of the Dungeon.
             The game lasted 00:05:30 (2868 turns).

HoaS the Shooter (Gargoyle Hunter)                  Turns: 2868, Time: 00:05:31

Health: -2/35      AC: 11    Str: 15    XL:     6   Next: 11%
Magic:  6/6        EV: 11    Int:  9    God:
Gold:   253        SH:  0    Dex: 15    Spells: 5/5 levels left

rFire   + . .      SeeInvis +    a - +0 shortbow (flame)
rCold   . . .      Faith    .    (shield currently unavailable)
rNeg    + . .      Spirit   .    c - +0 leather armour
rPois   ∞          Reflect  .    p - +2 helmet {SInv}
rElec   +          Harm     .    (no cloak)
rCorr   .          Rampage  .    m - +0 pair of gloves
Will    .....                    (no boots)
Stlth   ++                       (no amulet)
HPRegen 0.25/turn                d - ring of protection from fire
MPRegen 0.10/turn                (no ring)

@: hasted, very quick
A: sickness immunity, AC +4, negative energy resistance 1, electricity
resistance, torment resistance 1, petrification resistance
a: no special abilities


You were on level 5 of the Dungeon.
You visited 1 branch of the dungeon, and saw 5 of its levels.

You collected 253 gold pieces.

Inventory:

Hand Weapons
 a - a +0 shortbow of flaming (weapon)
 l - a +1 longbow
Armour
 c - a +0 leather armour (worn)
 m - a +0 pair of gloves (worn)
 p - a +2 helmet of see invisible (worn)
Jewellery
 d - a ring of protection from fire (left hand)
Wands
 h - a wand of charming (5)
Scrolls
 b - a scroll of immolation
 k - a scroll of brand weapon
Potions
 e - 3 potions of attraction
 f - 3 potions of haste
 g - 2 potions of flight
 i - a potion of berserk rage
 j - a potion of curing
 o - a potion of resistance


   Skills:
 - Level 2.1 Fighting
 + Level 7.2 Ranged Weapons
 - Level 1.5 Dodging
 - Level 1.1 Stealth


You had 5 spell levels left.
You didn't know any spells.
Your spell library contained the following spells:

 Spells                   Type           Power      Damage    Failure   Level
 Sting                    Tmut/Pois      0%         1d3       45%         1
 Poisonous Vapours        Pois/Air       0%         N/A       58%         2
 Olgreb's Toxic Radiance  Pois           0%         N/A       99%         4


Dungeon Overview and Level Annotations

Branches:
Dungeon (5/15)
 Temple: D:4-7

Altars:
Dithmenos
Ru
Yredelemnul

Shops:
D:4 :


Innate Abilities, Weirdness & Mutations

You are immune to sickness and miasma.
Your stone body is resilient. (AC +4)
You are immune to poison.
You resist negative energy. (rN+)
You are resistant to electric shocks. (rElec)
You are resistant to unholy torment.
You are immune to petrification.


Message History

You are too injured to fight recklessly!
You shoot an arrow.
The arrow closely misses the orc warrior.
The orc warrior hits you with a +0 dire flail.
You shoot an arrow.
The arrow closely misses the orc warrior.
The orc warrior barely misses you.
Okay, then.
You shoot an arrow.
The arrow hits the orc warrior but does no damage.
The orc warrior hits you with a +0 dire flail.
* * * LOW HITPOINT WARNING * * *
You shoot an arrow.
The arrow hits the orc warrior but does no damage.
Okay, then.
As you read the scroll of fear, it crumbles to dust.
You assume a fearsome visage.
The orc warrior looks frightened!
The orc priest looks frightened!
You are too injured to fight recklessly!
You are too injured to fight recklessly!
Fire: a) +0 shortbow (flame)
Press: ? - help, Q - select action, (/) - cycle Shift-Dir - straight line, f/p - orc warrior
Aim: an orc warrior, wielding a +0 dire flail and wearing a +4 chain mail (fleeing, 60% to hit)
You shoot an arrow.
The arrow completely misses the orc warrior.
Fire: a) +0 shortbow (flame)
Press: ? - help, Q - select action, (/) - cycle Shift-Dir - straight line, f/p - orc warrior
Aim: an orc warrior, wielding a +0 dire flail and wearing a +4 chain mail (fleeing, 60% to hit)
You shoot an arrow. The arrow hits the orc warrior!
The arrow burns the orc warrior.
Your attack snaps the orc warrior out of its fear.
The orc warrior is heavily wounded.
Fire: a) +0 shortbow (flame)
Press: ? - help, Q - select action, (/) - cycle Shift-Dir - straight line, f/p - orc warrior
Aim: an orc warrior, wielding a +0 dire flail and wearing a +4 chain mail (heavily wounded, 60% to hit)
You shoot an arrow.
The arrow hits the orc warrior but does no damage.
The orc warrior is heavily wounded.
The orc warrior hits you with a +0 dire flail!
You die...

..# #.# #.# ##
#.# .o
#.########### #o
#..)).......#
##.
#.###<#####.#
#!.##...#.....#
## #.@####..##.#
.. #o.##...†...#
#..##..##...###
##.##.###.......
#....o###.......
####..# ########
##.# #.# #.#


You could see an orc warrior and an orc priest (fleeing).

Vanquished Creatures
  A scorpion (D:5)
  A hound (D:4)
  A jelly (D:5)
  An orc priest (D:5)
  4 adders
  2 dart slugs
  An orc (D:5)
  7 endoplasms
  3 giant cockroaches
  4 goblins
  5 hobgoblins
  7 kobolds
  3 quokkas
  6 ball pythons
  4 bats
  3 frilled lizards
  7 rats
60 creatures vanquished.

Vanquished Creatures (others)
  A plant (D:5)
1 creature vanquished.

Grand Total: 61 creatures vanquished

Notes
Turn   | Place    | Note
-------+----------+-------------------------------------------
     0 | D:1      | HoaS the Gargoyle Hunter began the quest for the Orb.
     0 | D:1      | Reached XP level 1. HP: 12/12 MP: 1/1
   157 | D:1      | Reached XP level 2. HP: 17/17 MP: 2/2
   721 | D:2      | Reached XP level 3. HP: 21/21 MP: 3/3
   762 | D:2      | Reached skill level 5 in Ranged Weapons
  1242 | D:2      | Reached XP level 4. HP: 26/26 MP: 4/4
  1874 | D:3      | Found a faded altar of an unknown god.
  2229 | D:3      | Found a shadowy altar of Dithmenos.
  2229 | D:3      | Found a sacrificial altar of Ru.
  2237 | D:3      | Found a basalt altar of Yredelemnul.
  2241 | D:3      | Found a faded altar of an unknown god.
  2243 | D:3      | Found a faded altar of an unknown god.
  2323 | D:4      | Found Ratt's Book Shop.
  2431 | D:4      | Reached skill level 6 in Ranged Weapons
  2431 | D:4      | Reached XP level 5. HP: 23/30 MP: 5/5
  2668 | D:5      | Entered Level 5 of the Dungeon
  2699 | D:5      | Reached skill level 7 in Ranged Weapons
  2749 | D:5      | Noticed an orc warrior
  2759 | D:5      | Reached XP level 6. HP: 35/35 MP: 6/6
  2868 | D:5      | Slain by an orc warrior

Illustrated notes

Levels and vault maps discovered:
D:1:      amcnicky_arrival_single_pillar, layout_loops_ring
D:2:      layout_basic
D:3:      layout_loops_ring, chequers_temple_overflow_minitemple,
          hellmonk_ecumenical_altar_lost_god
D:4:      layout_rooms, st_stairs_8, nicolae_take_the_stairs
D:5:      layout_basic, minmay_temple_entry_statues_pillars, serial_shops,
          nicolae_shop_overgrown_old_shop, minivault_11, st_stairs_7,
          uniq_sigmund

Skill      XL: |  1  2  3  4  5 |
---------------+----------------+-----
Ranged Weapons | 5 6 7 |  7.2
Fighting       | |  2.1
Dodging        | |  1.5
Stealth        | |  1.1

Action                     |  1- 3 |  4- 6 || total
---------------------------+-------+-------++-------
   Fire: Shortbow          |    84 |    78 ||   162
    Use: Scroll            |     6 |     8 ||    14
         Potion            |       |     1 ||     1
 Armour: Leather armour    |    15 |    13 ||    28
  Dodge: Dodged            |    24 |    14 ||    38

Table legend: (Time is in decaauts)
 A = Elapsed time spent in this place.
 B = Non-inter-level travel time spent in this place.
 C = Inter-level travel time spent in this place.
 D = Time resting spent in this place.
 E = Time spent auto-exploring this place.
 F = Levels seen in this place.
 G = Mean time per level.
                   A        B        C        D        E       F      G
               +--------+--------+--------+--------+--------+-----+--------+
         Total |   2905 |   2691 |    214 |    123 |   2158 |   5 |  581.0 |
       Dungeon |   2905 |   2691 |    214 |    123 |   2158 |   5 |  581.0 |
               +--------+--------+--------+--------+--------+-----+--------+

Top non-repeatable levels by time:
     D:2: 976 daAuts
     D:1: 690 daAuts
     D:3: 677 daAuts
     D:4: 426 daAuts
     D:5: 134 daAuts
